 Dungeon Crawl Stone Soup version 0.32-a0-350-g4f4d228785 (webtiles) character file.

Game seed: 4106338173979617668

206 jestert79 the Caller (level 5, 0/52 HPs)
             Began as a Merfolk Summoner on Feb 17, 2024.
             Slain by a steam dragon (5 damage)
             ... on level 4 of the Dungeon.
             The game lasted 00:11:49 (3157 turns).

jestert79 the Caller (Merfolk Summoner)             Turns: 3157, Time: 00:11:49

Health: 0/52       AC:  9    Str:  9    XL:     5   Next: 84%
Magic:  6/8        EV: 18    Int: 16    God:
Gold:   140        SH:  5    Dex: 20    Spells: 2/8 levels left

rFire   . . .        s - +2 mace (protect)
rCold   . . .        (no shield)
rNeg    . . .        a - +0 robe
rPois   .            (no helmet)
rElec   .            (no cloak)
rCorr   .            (no gloves)
SInv    .            (no boots)
Will    .....        p - amulet of reflection Stlth
                     i - +5 ring of evasion
HPRegen 0.28/turn    q - +6 ring of dexterity
MPRegen 0.11/turn

%: reflection
@: berserking, under a protective aura, unable to call your familiar, very quick
A: (nimble swimmer 2), mertail
a: no special abilities


You were on level 4 of the Dungeon.
You visited 1 branch of the dungeon, and saw 4 of its levels.

You collected 140 gold pieces.

Inventory:

Hand Weapons
 s - a +2 mace of protection (weapon)
Armour
 a - a +0 robe (worn)
 j - a +0 buckler
Magical Staves
 d - a staff of fire
Jewellery
 i - a +5 ring of evasion (left hand)
 p - an amulet of reflection (around neck)
 q - a +6 ring of dexterity (right hand)
Scrolls
 e - a scroll of vulnerability {unknown}
 m - a scroll of fog {unknown}
 n - 2 scrolls of blinking {unknown}
 t - a scroll of amnesia {unknown}
Potions
 b - a potion of magic
 f - a potion of lignification {unknown}
 g - a potion of heal wounds {unknown}
 h - a potion of curing
 k - a potion of brilliance {unknown}
 l - a potion of mutation {unknown}
 o - a potion of degeneration {unknown}
 r - 2 potions of haste {unknown}


   Skills:
 - Level 2.6 Dodging
 - Level 3.0 Stealth
 - Level 2.0 Spellcasting
 * Level 6.6 Summonings


You had 2 spell levels left.
You knew the following spells:

 Your Spells              Type           Power      Damage    Failure   Level
a - Summon Small Mammal   Summ           92%        N/A       1%          1
b - Call Imp              Summ           46%        N/A       1%          2
c - Call Canine Familiar  Summ           23%        N/A       4%          3

Your spell library contained the following spells:

 Spells                   Type           Power      Damage    Failure   Level
 Summon Blazeheart Golem  Fire/Summ      12%        N/A       45%         4
 Summon Lightning Spire   Summ/Air       12%        N/A       45%         4
 Ignite Poison            Fire/Alch      1%         N/A       90%         4
 Sticky Flame             Fire/Alch      1%         2d4       90%         4
 Ignition                 Fire           0%         3d3       100%        8


Dungeon Overview and Level Annotations

Branches:
Dungeon (4/15)
 Temple: D:4-7

Altars:
Cheibriados
Kikubaaqudgha
Trog


Innate Abilities, Weirdness & Mutations

((You are very nimble when in or above water. (Stealth+, EV+, Speed+++)))
Your lower body shifts to a powerful aquatic tail in water.


Message History

You hit the scorpion.
You kill the scorpion!
The steam dragon breathes steam at you. The ball of steam hits you!
Your inugami barely misses the steam dragon.
The steam dragon bites your inugami. The steam dragon claws your inugami.
Unknown command.
Unknown command.
Your inugami hits the steam dragon. The steam dragon breathes steam at you.
The ball of steam hits your inugami!
Your inugami dies!
Your inugami disappears in a puff of smoke!
The ball of steam hits you!
* * * LOW HITPOINT WARNING * * *
It was a potion of berserk rage.
A red film seems to cover your vision as you go berserk!
You feel yourself moving faster!
You feel mighty!
You thump the steam dragon!
The steam dragon is heavily wounded.
You hear the slow hiss of a distant avalanche of sand.
The steam dragon bites you!
* * * LOW HITPOINT WARNING * * *
The steam dragon claws you but does no damage.
You closely miss the steam dragon.
The steam dragon is heavily wounded.
The steam dragon misses you. The steam dragon claws you.
* * * LOW HITPOINT WARNING * * *
Unknown command.
You barely miss the steam dragon.
The steam dragon is heavily wounded.
The steam dragon breathes steam at you. The ball of steam misses you.
Unknown command.
You completely miss the steam dragon.
The steam dragon is heavily wounded.
You are engulfed in a cloud of scalding steam.
* * * LOW HITPOINT WARNING * * *
The steam dragon closely misses you. The steam dragon claws you.
You die...

####.##.#....[....######....#.#
............................+.#
#######.#.....#..##.........#.#
...#..##.#..##.........#.#
.....#..##...............###
#........####§..#.####....#
#####.#.## #.§§..# #.#### ##
.....#####§§#..####.###....
###.#.#....§@...............
.........D...####.#######
..#.#.#..........#
..........#...####
..........#.#+# ..#.#.#.#.#.. .
#..........+ #.#.#.##...#
#.#...# ...#


You could see a steam dragon (catching breath).

Vanquished Creatures
  A scorpion (D:4)
  A dart slug (D:4)
  3 ball pythons
  A bat (D:3)
  3 endoplasms
  A giant cockroach (D:2)
  3 hobgoblins
  4 jackals (D:3)
  2 quokkas
  3 frilled lizards (D:3)
  2 goblins
  A kobold (D:1)
  A rat (D:1)
26 creatures vanquished.

Vanquished Creatures (collateral kills)
  4 adders
  A ribbon worm (D:3)
  A dart slug (D:2)
  3 orcs (D:3)
  A bat (D:1)
  3 endoplasms
  4 hobgoblins
  2 jackals (D:2)
  A quokka (D:2)
  3 ball pythons
  2 goblins (D:2)
  4 kobolds
  2 rats
31 creatures vanquished.

Grand Total: 57 creatures vanquished

Notes
Turn   | Place    | Note
-------+----------+-------------------------------------------
     0 | D:1      | jestert79 the Merfolk Summoner began the quest for the Orb.
     0 | D:1      | Reached XP level 1. HP: 13/13 MP: 3/3
   178 | D:1      | Reached XP level 2. HP: 17/19 MP: 1/5
   307 | D:1      | Learned a level 2 spell: Call Imp
  1154 | D:2      | Reached XP level 3. HP: 24/24 MP: 3/6
  1158 | D:2      | Learned a level 3 spell: Call Canine Familiar
  1293 | D:2      | Reached skill level 5 in Summonings
  1530 | D:2      | Reached XP level 4. HP: 8/30 MP: 5/7
  2294 | D:3      | Found a faded altar of an unknown god.
  2553 | D:3      | Found a snail-covered altar of Cheibriados.
  2679 | D:3      | Reached XP level 5. HP: 32/35 MP: 2/8
  2966 | D:4      | Found a bloodstained altar of Trog.
  2968 | D:4      | Found an ancient bone altar of Kikubaaqudgha.
  3073 | D:4      | Reached skill level 6 in Summonings
  3141 | D:4      | Noticed a steam dragon
  3157 | D:4      | Slain by a steam dragon

Illustrated notes

Levels and vault maps discovered:
D:1:      co_arrival_square_in_a_square_in_a_square, layout_basic,
          minmay_misc_feat_rugged, minmay_misc_feat_five,
          hangedman_decor_growths
D:2:      layout_rooms, grunt_decor_arrowhead
D:3:      layout_loops_ring, lemuel_doored_altar,
          hellmonk_ecumenical_altar_arch_garden, st_stairs_1, nrook_mini_vaults,
          kennysheep_flooded_box
D:4:      layout_basic, chequers_temple_overflow_statue_of_worship,
          enter_ossuary_5

Skill      XL: |  1  2  3  4  5 |
---------------+----------------+-----
Stealth        | 3 |  3.0
Summonings     | 5 6 |  6.6
Dodging        | |  2.6
Spellcasting   | |  2.0

Action                     |  1- 3 |  4- 6 || total
---------------------------+-------+-------++-------
  Melee: Staff             |    30 |       ||    30
         Whip              |    30 |    76 ||   106
         Mace              |       |    17 ||    17
   Cast: Summon Small Mamm |    30 |    22 ||    52
         Call Imp          |     2 |     4 ||     6
         Call Canine Famil |       |     3 ||     3
    Use: Potion            |       |     2 ||     2
   Stab: Sleeping          |     2 |     1 ||     3
         Distracted        |     1 |     3 ||     4
 Armour: Robe              |    34 |    35 ||    69
  Dodge: Dodged            |    50 |    84 ||   134
  Block: Other             |       |    34 ||    34
         Reflection        |       |     3 ||     3

Table legend: (Time is in decaauts)
 A = Elapsed time spent in this place.
 B = Non-inter-level travel time spent in this place.
 C = Inter-level travel time spent in this place.
 D = Time resting spent in this place.
 E = Time spent auto-exploring this place.
 F = Levels seen in this place.
 G = Mean time per level.
                   A        B        C        D        E       F      G
               +--------+--------+--------+--------+--------+-----+--------+
         Total |   3175 |   3099 |     76 |    709 |   1290 |   4 |  793.8 |
       Dungeon |   3175 |   3099 |     76 |    709 |   1290 |   4 |  793.8 |
               +--------+--------+--------+--------+--------+-----+--------+

Top non-repeatable levels by time:
     D:1: 1135 daAuts
     D:3: 974 daAuts
     D:2: 860 daAuts
     D:4: 204 daAuts
